 Dungeon Crawl Stone Soup version 0.21-a0-538-gd16b88a (webtiles) character file.

476 twist the Magician (level 7, -3/50 HPs)
             Began as a Gnoll Wanderer on Dec 15, 2017.
             Slain by an ice beast (11 damage)
             ... on level 4 of the Dungeon.
             The game lasted 00:10:36 (4387 turns).

twist the Magician (Gnoll Wanderer)                 Turns: 4387, Time: 00:10:37

Health: -3/50      AC:  7    Str: 15    XL:     7   Next: 10%
Magic:  1/18       EV: 12    Int: 17    God:    Xom [..*...]
Gold:   161        SH:  0    Dex: 15    Spells: 13/21 levels left

rFire    . . .     SeeInvis +   d - +0 flail
rCold    . . .     Gourm    .   (no shield)
rNeg     . . .     Faith    .   t - +3 leather armour
rPois    +         Spirit   .   s - +0 helmet
rElec    .         Reflect  .   (no cloak)
rCorr    .         Harm     .   (no gloves)
MR       .....                  (no boots)
Stlth    ++........             (no amulet)
HPRegen  0.16/turn              l - ring of see invisible
MPRegen  0.16/turn              q - ring of wizardry

@: no status effects
A: distributed training, fangs 1, clever 1, poison resistance, strong nose
a: Renounce Religion


You were on level 4 of the Dungeon.
You worshipped Xom.
You were a toy of Xom.
You were not hungry.

You visited 1 branch of the dungeon, and saw 5 of its levels.

You collected 161 gold pieces.

Inventory:

Hand Weapons
 d - a +0 flail (weapon)
Missiles
 o - 16 poisoned needles
Armour
 e - a +0 leather armour
 r - a +0 shield
 s - a +0 helmet (worn)
 t - a +3 leather armour (worn)
Jewellery
 l - a ring of see invisible (left hand)
 q - a ring of wizardry (right hand)
Wands
 v - a wand of paralysis (6)
Scrolls
 c - 2 scrolls of teleportation
 g - a scroll of fog {unknown}
 h - 5 scrolls of identify {unknown}
 j - 4 scrolls of blinking {unknown}
 k - a scroll of fear {unknown}
 n - 6 scrolls of remove curse {unknown}
 p - 2 scrolls of enchant armour {unknown}
Potions
 u - a potion of magic {unknown}
 w - a potion of mutation {unknown}
 x - a potion of lignification {unknown}
Books
 a - a book of Flames

   Spells                             Type                      Level
   a - Flame Tongue                   Conjuration/Fire             1
   b - Throw Flame                    Conjuration/Fire             2
   c - Conjure Flame                  Conjuration/Fire             3
   d - Inner Flame                    Hexes/Fire                   3
   e - Sticky Flame                   Conjuration/Fire             4
   f - Fireball                       Conjuration/Fire             5
 b - the Compendium of the Escort

   Spells                             Type                      Level
   a - Summon Butterflies             Summoning                    1
   b - Summon Guardian Golem          Hexes/Summoning              3
Comestibles
 f - 3 bread rations
 i - 4 chunks of flesh
 m - 2 royal jellies


   Skills:
 + Level 2.2 Fighting
 + Level 2.2 Short Blades
 + Level 2.2 Long Blades
 + Level 2.2 Axes
 + Level 2.2 Maces & Flails
 + Level 2.2 Polearms
 + Level 2.2 Staves
 + Level 2.2 Slings
 + Level 2.2 Bows
 + Level 2.2 Crossbows
 + Level 5.1 Throwing
 + Level 2.2 Armour
 + Level 2.2 Dodging
 + Level 2.2 Stealth
 + Level 2.2 Shields
 + Level 2.2 Unarmed Combat
 + Level 7.5 Spellcasting
 + Level 1.8 Conjurations
 + Level 1.8 Hexes
 + Level 1.8 Charms
 + Level 1.8 Summonings
 + Level 1.8 Necromancy
 + Level 1.8 Translocations
 + Level 1.8 Transmutations
 + Level 5.7 Fire Magic
 + Level 4.2 Ice Magic
 + Level 1.8 Air Magic
 + Level 1.8 Earth Magic
 + Level 1.8 Poison Magic
 + Level 2.5 Invocations
 + Level 2.2 Evocations


You had 13 spell levels left.
You knew the following spells:

 Your Spells              Type           Power        Failure   Level  Hunger
a - Flame Tongue          Conj/Fire      ###..        1%          1    None
b - Throw Flame           Conj/Fire      ###...       1%          2    None
c - Fireball              Conj/Fire      ###.......   30%         5    #####..


Dungeon Overview and Level Annotations

Branches:
Dungeon (5/15)
 Temple: D:4-7

Altars:
Dithmenos
Elyvilon
Gozag
Qazlal
Xom

Annotations:
D:2 Sigmund
D:4 1 exclusion, twist's ghost, amateur DsCK


Innate Abilities, Weirdness & Mutations

Your experience applies equally to all skills.
You have very sharp teeth.
Your uncanny sense of smell can sniff out nearby items.
Your mind is acute. (Int +2)
Your system is resistant to poisons. (rPois)


Message History

You don't have enough magic to cast that spell.
Casting: Throw Flame
Confirm with . or Enter, or press ? or * to list all spells.
You don't have enough magic to cast that spell.
Unknown command.
Casting: Throw Flame
Confirm with . or Enter, or press ? or * to list all spells.
You don't have enough magic to cast that spell.
Casting: Throw Flame
Confirm with . or Enter, or press ? or * to list all spells.
Aiming: Flame Tongue
Press: ? - help, Shift-Dir - straight line, f/p - ice beast
Aim: an ice beast (heavily wounded)
The flame tongue hits the ice beast.
The ice beast is heavily wounded.
The ice beast hits you.
* * * LOW HITPOINT WARNING * * *
The ice beast freezes you!
You die...
Xom titters!

..........#########..###.#######
#########.### ####.##.........#
#...####....##.........#
###.##...#####.........# ####
#..#.### ####.###### ...######
##...### #...# ##......##
##....# #.### #######..###.)##.#
#.# .....###.......#@# #.#
.....# ###..##.#Y######.# .....#
#.###.....=..#.# .....# ##.#
###..###.#.# .....####..# ##.#
#.#.# ...W......## #.# #...#
.........### #.# ##..#
#..........### ### #..#
###......#...#### #..#


You could see an ice beast.

Vanquished Creatures
  An ogre (D:4)
  The ghost of twist the Chopper, a weakling DsCK of Xom (D:3)
  A hound (D:4)
  A crimson imp (D:4)
  2 orc priests
  2 orc wizards (D:4)
  A worker ant (D:3)
  5 adders
  An ooze (D:1)
  A worm (D:3)
  2 dart slugs
  3 leopard geckos
  14 orcs
  4 bats
  7 giant cockroaches
  7 goblins
  10 hobgoblins
  5 jackals
  8 kobolds
  5 quokkas
  5 frilled lizards
  8 rats
94 creatures vanquished.

Notes
Turn   | Place    | Note
-------+----------+-------------------------------------------
     0 | D:1      | twist the Gnoll Wanderer began the quest for the Orb.
     0 | D:1      | twist set off with: a book of Flames, the Compendium of the Escort, a scroll of teleportation, a +0 robe, a +0 club, a bread ration
     0 | D:1      | Reached XP level 1. HP: 13/13 MP: 8/8
     0 | D:1      | Identified the Compendium of the Escort
     2 | D:1      | Learned a level 1 spell: Flame Tongue
   172 | D:1      | Reached XP level 2. HP: 14/19 MP: 1/10
   633 | D:1      | Reached XP level 3. HP: 20/25 MP: 5/11
   824 | D:1      | Found a shimmering altar of Xom.
   826 | D:1      | Found a shadowy altar of Dithmenos.
   826 | D:1      | Found a glowing silver altar of Zin.
   828 | D:1      | Found a hazy altar of Hepliaklqana.
   828 | D:1      | Found a burning altar of Makhleb.
   828 | D:1      | Found a burning altar of Makhleb.
   865 | D:1      | Became a worshipper of Xom the Less-Predictable
   941 | D:2      | Reached skill level 1 in Invocations
  1029 | D:2      | Noticed Sigmund
  1030 | D:2      | XOM: potion effect (heal wounds)
  1046 | D:3      | Found a stormy altar of Qazlal.
  1052 | D:3      | XOM: cast spell 'Summon Small Mammal'
  1054 | D:3      | Reached skill level 1 in Fighting
  1054 | D:3      | Reached skill level 1 in Short Blades
  1054 | D:3      | Reached skill level 1 in Long Blades
  1054 | D:3      | Reached skill level 1 in Axes
  1054 | D:3      | Reached skill level 1 in Maces & Flails
  1054 | D:3      | Reached skill level 1 in Polearms
  1054 | D:3      | Reached skill level 1 in Staves
  1054 | D:3      | Reached skill level 1 in Slings
  1054 | D:3      | Reached skill level 1 in Bows
  1054 | D:3      | Reached skill level 1 in Crossbows
  1054 | D:3      | Reached skill level 1 in Armour
  1054 | D:3      | Reached skill level 1 in Dodging
  1054 | D:3      | Reached skill level 1 in Stealth
  1054 | D:3      | Reached skill level 1 in Shields
  1054 | D:3      | Reached skill level 1 in Unarmed Combat
  1054 | D:3      | Reached skill level 1 in Evocations
  1054 | D:3      | Reached XP level 4. HP: 29/32 MP: 7/13
  1078 | D:3      | Learned a level 2 spell: Throw Flame
  1357 | D:3      | XOM: noise
  1369 | D:3      | XOM: harmless Necr miscast
  1388 | D:3      | Reached skill level 1 in Conjurations
  1388 | D:3      | Reached skill level 1 in Hexes
  1388 | D:3      | Reached skill level 1 in Charms
  1388 | D:3      | Reached skill level 1 in Summonings
  1388 | D:3      | Reached skill level 1 in Necromancy
  1388 | D:3      | Reached skill level 1 in Translocations
  1388 | D:3      | Reached skill level 1 in Transmutations
  1388 | D:3      | Reached skill level 1 in Air Magic
  1388 | D:3      | Reached skill level 1 in Earth Magic
  1388 | D:3      | Reached skill level 1 in Poison Magic
  1430 | D:3      | Found an opulent altar of Gozag.
  1433 | D:3      | Found a shadowy altar of Dithmenos.
  1613 | D:3      | Noticed twist's ghost (weakling DsCK)
  1614 | D:3      | XOM: scenery: create altars
  1617 | D:3      | XOM: summons friendly ufetubus
  1622 | D:3      | Killed twist's ghost
  1622 | D:3      | Reached XP level 5. HP: 24/37 MP: 0/14
  1824 | D:3      | XOM is BORED!
  1824 | D:3      | XOM: summons 2 hostile demons
  2040 | D:3      | Learned a level 5 spell: Fireball
  2492 | D:3      | XOM: polymorph jackal -> kobold
  2822 | D:3      | XOM: give mutations
  2822 | D:3      | Gained mutation: Your system is resistant to poisons. (rPois) [Xom's grace]
  2822 | D:3      | Gained mutation: Your mind is acute. (Int +2) [Xom's grace]
  2912 | D:4      | Found a white marble altar of Elyvilon.
  2980 | D:4      | Noticed an ogre
  3036 | D:4      | Killed an ogre
  3036 | D:4      | Reached XP level 6. HP: 25/44 MP: 4/16
  3038 | D:4      | Reached skill level 5 in Throwing
  3144 | D:4      | XOM: medium Hex miscast
  3256 | D:4      | XOM: enchant monster (bad)
  3277 | D:4      | Noticed twist's ghost (amateur DsCK)
  3285 | D:4      | XOM: harmless Erth miscast
  3290 | D:4      | XOM: blink monster(s)
  3293 | D:4      | XOM: cast spell 'Death Channel'
  3312 | D:4      | XOM: fake destruction
  3331 | D:4      | XOM: scenery: create altars
  3354 | D:3      | XOM: cloud trail
  3618 | D:4      | Reached XP level 7. HP: 46/50 MP: 11/18
  3932 | D:4      | XOM: medium Necr miscast
  4164 | D:5      | Entered Level 5 of the Dungeon
  4220 | D:4      | XOM: silly message
  4249 | D:4      | XOM: harmless Hex miscast
  4376 | D:5      | XOM: silly message
  4387 | D:4      | Slain by an ice beast

Vault maps used:
D:1:      enne_arrival_octagon_isle, doesnt_xom_only_xom
D:2:      uniq_sigmund, uniq_jessica
D:3:      grunt_temple_overflow_open, guppyfry_early_orc_mine
D:4:      first_bread, elyvilon_altar_4
D:5:      minmay_temple_entry_water_ring, minmay_misc_feat_more_columns

Skill      XL: |  1  2  3  4  5  6 |
---------------+-------------------+-----
Invocations    | 1 2 |  2.5
Fighting       | 1 2 |  2.2
Short Blades   | 1 2 |  2.2
Long Blades    | 1 2 |  2.2
Axes           | 1 2 |  2.2
Maces & Flails | 1 2 |  2.2
Polearms       | 1 2 |  2.2
Staves         | 1 2 |  2.2
Slings         | 1 2 |  2.2
Bows           | 1 2 |  2.2
Crossbows      | 1 2 |  2.2
Armour         | 1 2 |  2.2
Dodging        | 1 2 |  2.2
Stealth        | 1 2 |  2.2
Shields        | 1 2 |  2.2
Unarmed Combat | 1 2 |  2.2
Evocations     | 1 2 |  2.2
Conjurations   | 1 |  1.8
Hexes          | 1 |  1.8
Charms         | 1 |  1.8
Summonings     | 1 |  1.8
Necromancy     | 1 |  1.8
Translocations | 1 |  1.8
Transmutations | 1 |  1.8
Air Magic      | 1 |  1.8
Earth Magic    | 1 |  1.8
Poison Magic   | 1 |  1.8
Ice Magic      | 4 |  4.2
Throwing       | 5 |  5.1
Spellcasting   | |  7.5
Fire Magic     | |  5.7

Action                   |  1- 3 |  4- 6 |  7- 9 || total
-------------------------+-------+-------+-------++-------
Melee: Club              |    14 |       |       ||    14
       Bite              |     3 |    15 |     5 ||    23
       Hand axe          |       |    13 |       ||    13
       Flail             |       |    86 |    25 ||   111
       Punch             |       |     1 |       ||     1
 Cast: Flame Tongue      |    50 |    52 |    11 ||   113
       Throw Flame       |       |    44 |    12 ||    56
 Stab: Sleeping          |       |     1 |       ||     1
  Eat: Chunk             |       |     8 |     1 ||     9
       Royal jelly       |       |       |     1 ||     1
Armor: Robe              |     9 |     1 |       ||    10
       Leather armour    |       |    55 |    22 ||    77
Dodge: Dodged            |    25 |    94 |    57 ||   176
Block: Shield            |       |     2 |       ||     2

Table legend:
 A = Spawn XP
 B = Non-spawn XP
 C = Spawn XP percentage of total XP
 D = Spawn monster count
 E = Non-spawn monster count
 F = Spawn count percentage of total count
 G = Total turns spent on level
                    A         B        C        D         E        F      G
               +---------+---------+-------+---------+---------+-------+---------
         Total |       0 |     680 |   0.0 |       0 |      94 |   0.0 |  4387
               +---------+---------+-------+---------+---------+-------+---------
           D:1 |       0 |      40 |   0.0 |       0 |      20 |   0.0 |   896
           D:2 |       0 |      22 |   0.0 |       0 |       7 |   0.0 |   144
           D:3 |       0 |     253 |   0.0 |       0 |      43 |   0.0 |  2107
           D:4 |       0 |     363 |   0.0 |       0 |      23 |   0.0 |  1226
           D:5 |       0 |       2 |   0.0 |       0 |       1 |   0.0 |    14
               +---------+---------+-------+---------+---------+-------+---------
